ITL
INDIANA HOUNDS @ BLUEVILLE 83'S
09/23/2030
 
TOP OF THE 1ST
Indiana Hounds batting - Pitching for Blueville 83's : LHP José Zamora
Pitching: LHP José Zamora
Batting: RHB Henry Haines 0-0: Called Strike
0-1: Ball
1-1: SINGLE (Groundball, 6MD)
Batting: LHB Manny Hernández 0-0: Called Strike
0-1: Ball
1-1: Fielders Choice at 2nd, 5-4 (Groundball, 56D)
Batting: RHB Marlon Hernández 0-0: Called Strike
0-1: Ball
1-1: Fly out, F9 (Flyball, 9S)
Batting: RHB Henry Dawson 0-0: Swinging Strike
0-1: Ball
1-1: Ball
2-1: Fielders Choice at 2nd, 6-4 (Groundball, 6)
Top of the 1st over - 0 runs, 1 hit, 0 errors, 1 left on base; Indiana 0 - Blueville 0
BOTTOM OF THE 1ST
Blueville 83's batting - Pitching for Indiana Hounds : LHP Kent Robinson
Pitching: LHP Kent Robinson
Batting: SHB Joe Emery 0-0: Ball
1-0: Swinging Strike
1-1: Ball
2-1: Foul Ball, location: 2F
2-2: Fly out, F9 (Flyball, 9D)
Batting: RHB Lorenzo Guzmán 0-0: SOLO HOME RUN (Flyball, 7D), Distance : 381 ft
Batting: SHB Joaquín López 0-0: Ball
1-0: Ball
2-0: Ball
3-0: Called Strike
3-1: Foul Ball, location: 2F
3-2: Foul Ball, location: 2F
3-2: Foul Ball, location: 2F
3-2: Strikes out swinging
Batting: RHB Daryl Floyd 0-0: Ball
1-0: Swinging Strike
1-1: Swinging Strike
1-2: SINGLE (Groundball, 4S) (infield hit)
Batting: LHB Lorenzo Villa 0-0: Ball
1-0: Ball
2-0: Foul Ball, location: 2F
2-1: Called Strike
2-2: Foul Ball, location: 2F
2-2: Ball
3-2: Foul Ball, location: 2F
3-2: Foul Ball, location: 2F
3-2: SINGLE (Line Drive, 34D)
Daryl Floyd to second
Daryl Floyd to third
Batting: LHB Bob Martin 0-0: Ground out 1-3 (Groundball, 13)
Bottom of the 1st over - 1 run, 3 hits, 0 errors, 2 left on base; Indiana 0 - Blueville 1
TOP OF THE 2ND
Indiana Hounds batting - Pitching for Blueville 83's : LHP José Zamora
Batting: RHB Octávio Zúñiga 0-0: Ball
1-0: Foul Ball, location: 2F
1-1: Fly out, F6 (Line Drive, 6M)
Batting: RHB Remi Eruzione 0-0: Ball
1-0: Swinging Strike
1-1: Ball
2-1: Foul Ball, location: 2F
2-2: Foul Ball, location: 2F
2-2: Foul Ball, location: 2F
2-2: Ball
3-2: Strikes out swinging
Batting: LHB T.J. Richardson 0-0: Swinging Strike
0-1: Ball
1-1: Called Strike
1-2: Strikes out looking
Top of the 2nd over - 0 runs, 0 hits, 0 errors, 0 left on base; Indiana 0 - Blueville 1
BOTTOM OF THE 2ND
Blueville 83's batting - Pitching for Indiana Hounds : LHP Kent Robinson
Batting: LHB António Glaviz 0-0: Swinging Strike
0-1: Fly out, F8 (Flyball, 8LD)
Batting: RHB Kel Pierce 0-0: Fly out, F7 (Flyball, 78M)
Batting: LHB Keith Tillman 0-0: Ground out U3 (Groundball, 3)
Bottom of the 2nd over - 0 runs, 0 hits, 0 errors, 0 left on base; Indiana 0 - Blueville 1
TOP OF THE 3RD
Indiana Hounds batting - Pitching for Blueville 83's : LHP José Zamora
Batting: RHB León Gómez 0-0: SINGLE (Flyball, 7LS)
Batting: LHB Marv Gardner 0-0: Called Strike
0-1: Foul Ball, location: 2F
0-2: Foul Ball, location: 2F
0-2: Ball
1-2: Ground out 3-1 (Groundball, 34S)
León Gómez to second
Batting: RHB Henry Haines 0-0: Swinging Strike
0-1: Ball
Wild Pitch!
León Gómez to third
1-1: Ball
2-1: Fly out, F9 (Flyball, 89M)
Runner from 3rd tags up, SCORES, no throw
Batting: LHB Manny Hernández 0-0: Ball
1-0: Foul Ball, location: 2F
1-1: Ball
2-1: SINGLE (Line Drive, 34D)
Batting: RHB Marlon Hernández 0-0: Ball
1-0: Swinging Strike
1-1: Ball
2-1: Foul Ball, location: 2F
2-2: Strikes out swinging
Top of the 3rd over - 1 run, 2 hits, 0 errors, 1 left on base; Indiana 1 - Blueville 1
BOTTOM OF THE 3RD
Blueville 83's batting - Pitching for Indiana Hounds : LHP Kent Robinson
Batting: SHB Joe Emery 0-0: Ball
1-0: Fly out, F8 (Flyball, 8RM)
Batting: RHB Lorenzo Guzmán 0-0: Ball
1-0: Ball
2-0: Foul Ball, location: 2F
2-1: Called Strike
2-2: Ball
3-2: SINGLE (Line Drive, 56D)
Batting: SHB Joaquín López 0-0: Ball
1-0: Swinging Strike
1-1: Called Strike
1-2: Fly out, F7 (Flyball, 78D)
Batting: RHB Daryl Floyd 0-0: Ball
1-0: Foul Ball, location: 2F
1-1: Ball
2-1: Ball
3-1: SINGLE (Line Drive, 4MD)
Lorenzo Guzmán to second
Batting: LHB Lorenzo Villa 0-0: Called Strike
0-1: Called Strike
0-2: Foul Ball, location: 2F
0-2: Ball
1-2: Foul Ball, location: 2F
1-2: Foul Ball, location: 2F
1-2: Foul Ball, location: 2F
1-2: Fly out, F4 (Popup, 3DF)
Bottom of the 3rd over - 0 runs, 2 hits, 0 errors, 2 left on base; Indiana 1 - Blueville 1
TOP OF THE 4TH
Indiana Hounds batting - Pitching for Blueville 83's : LHP José Zamora
Batting: RHB Henry Dawson 0-0: Ball
1-0: Ball
2-0: Called Strike
2-1: DOUBLE (Groundball, 5L)
Batting: RHB Octávio Zúñiga 0-0: Ball
1-0: Called Strike
1-1: Ball
2-1: Ball
3-1: Foul Ball, location: 2F
3-2: DOUBLE (Groundball, 5L)
Henry Dawson scores
Batting: RHB Remi Eruzione 0-0: Ball
1-0: Called Strike
1-1: Ball
2-1: Foul Ball, location: 2F
2-2: Foul Ball, location: 2F
2-2: Fly out, F8 (Flyball, 8LXD)
Runner from 2nd tags up, SAFE at 3rd, no throw
Batting: LHB T.J. Richardson 0-0: Foul Ball, location: 2F
0-1: Ball
1-1: Ball
2-1: Foul Ball, location: 2F
2-2: Ball
3-2: SINGLE (Line Drive, 7S)
Octávio Zúñiga scores
Batting: RHB León Gómez 0-0: Ball
1-0: Ball
2-0: Ball
3-0: Base on Balls
T.J. Richardson to second
Batting: LHB Marv Gardner 0-0: Fly out, F9 (Flyball, 9S)
Batting: RHB Henry Haines 0-0: Called Strike
0-1: Ball
1-1: SINGLE (Flyball, 9S)
T.J. Richardson to third
León Gómez to second
Runner from 3rd tries for Home, SAFE, no throw
Batting: LHB Manny Hernández 0-0: Called Strike
0-1: Ball
1-1: Foul Ball, location: 2F
1-2: Foul Ball, location: 2F
1-2: Ball
2-2: Foul Ball, location: 2F
2-2: Ground out 6-3 (Groundball, 6M)
Top of the 4th over - 3 runs, 4 hits, 0 errors, 2 left on base; Indiana 4 - Blueville 1
BOTTOM OF THE 4TH
Blueville 83's batting - Pitching for Indiana Hounds : LHP Kent Robinson
Batting: LHB Bob Martin 0-0: Ground out U3 (Groundball, 3)
Batting: LHB António Glaviz 0-0: Swinging Strike
0-1: Ball
1-1: Ball
2-1: Foul Ball, location: 2F
2-2: SOLO HOME RUN (Flyball, 9LD), Distance : 360 ft
Batting: RHB Kel Pierce 0-0: Foul Ball, location: 2F
0-1: Ball
1-1: Foul Ball, location: 2F
1-2: Foul Ball, location: 2F
1-2: Ball
2-2: Foul Ball, location: 2F
2-2: Foul Ball, location: 2F
2-2: Ball
3-2: DOUBLE (Flyball, 89XD)
Batting: LHB Keith Tillman 0-0: Called Strike
0-1: Ball
1-1: Foul Ball, location: 2F
1-2: Ball
2-2: Strikes out looking
Batting: SHB Joe Emery 0-0: Called Strike
0-1: Ball
1-1: Foul Ball, location: 2F
1-2: Ball
Balk!
Kel Pierce to third
2-2: Foul Ball, location: 2F
2-2: Ball
3-2: TRIPLE (Line Drive, 89XD)
Kel Pierce scores
Batting: RHB Lorenzo Guzmán 0-0: Ball
1-0: Called Strike
1-1: Ball
2-1: Ground out U3 (Groundball, 3S)
Bottom of the 4th over - 2 runs, 3 hits, 0 errors, 1 left on base; Indiana 4 - Blueville 3
TOP OF THE 5TH
Indiana Hounds batting - Pitching for Blueville 83's : LHP José Zamora
Batting: RHB Marlon Hernández 0-0: Ball
1-0: Foul Ball, location: 2F
1-1: Ball
2-1: Foul Ball, location: 2F
2-2: Ball
3-2: SINGLE (Line Drive, 7LS)
Pitching: RHP Dustin Lynch
Batting: RHB Henry Dawson 0-0: Ball
Marlon Hernández steals 2nd base
1-0: Swinging Strike
1-1: Swinging Strike
1-2: Strikes out swinging
Batting: RHB Octávio Zúñiga 0-0: Ground out 4-3 (Groundball, 4)
Marlon Hernández to third
Batting: RHB Remi Eruzione 0-0: Ball
1-0: Ball
2-0: Called Strike
2-1: Ball
3-1: Called Strike
3-2: Strikes out swinging
Top of the 5th over - 0 runs, 1 hit, 0 errors, 1 left on base; Indiana 4 - Blueville 3
BOTTOM OF THE 5TH
Blueville 83's batting - Pitching for Indiana Hounds : LHP Kent Robinson
Batting: SHB Joaquín López 0-0: Ball
1-0: Foul Ball, location: 2F
1-1: Ball
2-1: Foul Ball, location: 2F
2-2: SINGLE (Line Drive, 56D)
Pitching: RHP Gary Johnson
Batting: RHB Daryl Floyd 0-0: Fly out, F8 (Line Drive, 8LXD)
Batting: LHB Lorenzo Villa Pickoff Throw to First - Out!
0-0: Ball
1-0: Swinging Strike
1-1: Ball
2-1: Foul Ball, location: 2F
2-2: Foul Ball, location: 2F
2-2: Fly out, F9 (Flyball, 89D)
Bottom of the 5th over - 0 runs, 1 hit, 0 errors, 0 left on base; Indiana 4 - Blueville 3
TOP OF THE 6TH
Indiana Hounds batting - Pitching for Blueville 83's : RHP Dustin Lynch
Batting: LHB T.J. Richardson 0-0: Ball
1-0: Called Strike
1-1: Ground out U3 (Groundball, 34)
Batting: RHB León Gómez 0-0: Ground out 1-3 (Groundball, 13)
Batting: LHB Marv Gardner 0-0: Called Strike
0-1: Foul Ball, location: 2F
0-2: Strikes out swinging
Top of the 6th over - 0 runs, 0 hits, 0 errors, 0 left on base; Indiana 4 - Blueville 3
BOTTOM OF THE 6TH
Blueville 83's batting - Pitching for Indiana Hounds : RHP Gary Johnson
Batting: LHB Bob Martin 0-0: Called Strike
0-1: Ground out 5-3 (Groundball, 56S)
Batting: LHB António Glaviz 0-0: Ball
1-0: Called Strike
1-1: Foul Ball, location: 2F
1-2: Ball
2-2: Ball
3-2: Strikes out swinging
Batting: RHB Kel Pierce 0-0: Ball
1-0: DOUBLE (Flyball, 89D)
Batting: LHB Keith Tillman 0-0: Ball
1-0: SINGLE (Groundball, 4M) (infield hit)
Kel Pierce to third
Batting: SHB Joe Emery 0-0: Foul Ball, location: 2F
0-1: Called Strike
0-2: Ball
1-2: Ball
Keith Tillman steals 2nd base
2-2: Ball
3-2: Base on Balls
Batting: RHB Lorenzo Guzmán 0-0: Fly out, F9 (Line Drive, 9)
Bottom of the 6th over - 0 runs, 2 hits, 0 errors, 3 left on base; Indiana 4 - Blueville 3
TOP OF THE 7TH
Indiana Hounds batting - Pitching for Blueville 83's : RHP Dustin Lynch
Batting: RHB Henry Haines 0-0: Swinging Strike
0-1: Called Strike
0-2: Ball
1-2: Strikes out swinging
Batting: LHB Manny Hernández 0-0: Ball
1-0: Fly out, F2 (Popup, 13S)
Batting: RHB Marlon Hernández 0-0: Ball
1-0: Ball
2-0: Ball
3-0: Called Strike
3-1: Called Strike
3-2: Foul Ball, location: 2F
3-2: Foul Ball, location: 2F
3-2: Ground out 6-3 (Groundball, 6M)
Top of the 7th over - 0 runs, 0 hits, 0 errors, 0 left on base; Indiana 4 - Blueville 3
BOTTOM OF THE 7TH
Blueville 83's batting - Pitching for Indiana Hounds : RHP Gary Johnson
Batting: SHB Joaquín López 0-0: SINGLE (Line Drive, 4D)
Batting: RHB Daryl Floyd 0-0: Ball
1-0: Fly out, F9 (Flyball, 9LS)
Pitching: LHP Corey Moore
Pinch Hitting: RHB Vicente Valentín 0-0: Ball
1-0: Ball
2-0: Foul Ball, location: 2F
2-1: Ball
3-1: Foul Ball, location: 2F
3-2: Fly out, F7 (Flyball, 7S)
Pinch Hitting: RHB Eric Johnson 0-0: Ball
1-0: Called Strike
1-1: Ball
2-1: Swinging Strike
2-2: Strikes out looking
Bottom of the 7th over - 0 runs, 1 hit, 0 errors, 1 left on base; Indiana 4 - Blueville 3
TOP OF THE 8TH
Indiana Hounds batting - Pitching for Blueville 83's : RHP Dustin Lynch
Pitching: LHP Martin Lowry
Now at SS: Bob Noble
Now in RF: Vicente Valentín
Batting: RHB Henry Dawson 0-0: Foul Ball, location: 2F
0-1: Ball
1-1: Fly out, F8 (Flyball, 8LS)
Batting: RHB Octávio Zúñiga 0-0: Foul Ball, location: 2F
0-1: Ball
1-1: Called Strike
1-2: Fly out, F8 (Flyball, 8LD)
Batting: RHB Remi Eruzione 0-0: Ball
1-0: Ball
2-0: Ball
3-0: Base on Balls
Pinch Hitting: RHB Juan Jose Guevana 0-0: Ball
1-0: Foul Ball, location: 2F
1-1: Swinging Strike
1-2: Strikes out swinging
Top of the 8th over - 0 runs, 0 hits, 0 errors, 1 left on base; Indiana 4 - Blueville 3
BOTTOM OF THE 8TH
Blueville 83's batting - Pitching for Indiana Hounds : LHP Corey Moore
Pitching: LHP Ricardo Vargas
Now in LF: Juan Jose Guevana
Batting: LHB António Glaviz 0-0: Ball
1-0: Called Strike
1-1: Ball
2-1: SINGLE (Flyball, 7LS)
Pinch Runner at 1st Pepe González:
Batting: RHB Kel Pierce 0-0: Ball
1-0: Bunted foul
1-1: Bunted foul
1-2: Fly out, F9 (Flyball, 9D)
Pinch Hitting: RHB Alberto Campos 0-0: Ball
1-0: Ball
2-0: Called Strike
2-1: Foul Ball, location: 2F
2-2: Strikes out swinging
Batting: SHB Joe Emery 0-0: Swinging Strike
0-1: Called Strike
0-2: Ball
1-2: Foul Ball, location: 2F
1-2: Ball
2-2: Ball
3-2: Fly out, F8 (Flyball, 8LD)
Bottom of the 8th over - 0 runs, 1 hit, 0 errors, 1 left on base; Indiana 4 - Blueville 3
TOP OF THE 9TH
Indiana Hounds batting - Pitching for Blueville 83's : LHP Martin Lowry
Now at 1B: Pepe González
Now at 2B: Jonathan MacVey
Batting: RHB León Gómez 0-0: Called Strike
0-1: Swinging Strike
0-2: Strikes out swinging
Batting: LHB Marv Gardner 0-0: Ball
1-0: Swinging Strike
1-1: Ground out U3 (Groundball, 3S)
Batting: RHB Henry Haines 0-0: Ball
1-0: Ball
2-0: Fly out, F9 (Flyball, 89S)
Top of the 9th over - 0 runs, 0 hits, 0 errors, 0 left on base; Indiana 4 - Blueville 3
BOTTOM OF THE 9TH
Blueville 83's batting - Pitching for Indiana Hounds : LHP Ricardo Vargas
Now at 2B: Anastasio Movonda
Batting: RHB Lorenzo Guzmán 0-0: Called Strike
0-1: Swinging Strike
0-2: Ball
1-2: Foul Ball, location: 2F
1-2: Foul Ball, location: 2F
1-2: Strikes out swinging
Batting: SHB Joaquín López 0-0: DOUBLE (Line Drive, 7LS)
Batting: RHB Daryl Floyd 0-0: Ball
1-0: Foul Ball, location: 2F
1-1: Swinging Strike
1-2: Ground out 6-3 (Groundball, 6)
Joaquín López to third
Batting: RHB Vicente Valentín 0-0: Called Strike
0-1: Ball
1-1: Ball
2-1: Ground out 6-3 (Groundball, 6)
Bottom of the 9th over - 0 runs, 1 hit, 0 errors, 1 left on base; Indiana 4 - Blueville 3
Saturday, April 7th, 2018 - OOTP Baseball 18.8 Build 76